[Event "Titled Tuesday Blitz February 14 Early 2023"]
[White "Pakleza, Zbigniew"]
[Black "Bilan, Danila"]
[WhiteFideId "1119290"]
[BlackFideId "24161918"]
[WhiteElo "2494"]
[BlackElo "2303"]
[Result "1-0"]
[Round "02"]
[TimeControl "180+2"]
[Date "2023.02.15"]
[WhiteClock "0:00:03"]
[BlackClock "0:00:04"]

1. d4 d5 2. Bf4 Nf6 3. e3 c5 4. c3 Nc6 5. Nd2 Qb6 6. Qb3 c4 7. Qc2 Nh5 8. Bg3 Nxg3 9. hxg3 g6 10. e4 e6 11. Be2 Bg7 12. Ngf3 Bd7 13. O-O O-O 14. Rfe1 Qd8 15. Nh2 b5 16. a3 a5 17. Bf3 Ne7 18. Nhf1 Bc6 19. Ne3 b4 20. Re2 Re8 21. Rae1 bxc3 22. bxc3 Qd6 23. exd5 exd5 24. Nexc4 dxc4 25. Bxc6 Qxc6 26. Rxe7 Rxe7 27. Rxe7 Bf8 28. Qe4 Qxe4 29. Rxe4 Bxa3 30. Nxc4 Bf8 31. d5 a4 32. Nb6 Ra5 33. Rxa4 Rb5 34. Ra6 Bc5 35. Nd7 Rb1+ 36. Kh2 Bxf2 37. c4 h5 38. g4 h4 39. g5 Bg3+ 40. Kh3 Rb3 41. Nf6+ Kf8 42. Ra8+ Ke7 43. Re8+ Kd6 44. Ne4+ Kd7 45. Nf6+ Kd6 46. Kg4 Kc5 47. Rc8+ Kd4 48. Re8 Be1 49. Rxe1 Kxc4 50. Rd1 Rf3 51. gxf3 1-0


[Site "https://www.chess.com"]

[Event "Titled Tuesday Blitz February 14 Early 2023"]
[White "Lucassen, Mickey"]
[Black "Kukhmazov, Arsen"]
[WhiteFideId "12919110"]
[BlackFideId "24108260"]
[WhiteElo "2023"]
[BlackElo "2512"]
[Result "1-0"]
[Round "02"]
[TimeControl "180+2"]
[Date "2023.02.15"]
[WhiteClock "0:00:17"]
[BlackClock "0:00:02"]

1. d4 d5 2. Nc3 c6 3. e4 dxe4 4. Nxe4 Bf5 5. Ng3 Bg6 6. Nf3 e6 7. h4 h6 8. h5 Bh7 9. Bd3 Bxd3 10. Qxd3 Nf6 11. Bd2 c5 12. O-O-O Nc6 13. Bc3 Qd5 14. dxc5 Qxd3 15. Rxd3 Bxc5 16. Nd4 O-O-O 17. Nxc6 bxc6 18. Rf3 Be7 19. Rd1 Rxd1+ 20. Kxd1 Rd8+ 21. Ke2 Rd5 22. Rd3 Nxh5 23. Nxh5 Rxh5 24. Bxg7 Rh2 25. Rh3 Rxg2 26. Bxh6 Rg1 27. Be3 Rb1 28. Bd4 c5 29. Bc3 Rc1 30. Kd2 Bg5+ 31. Kd3 Rd1+ 32. Ke2 Rd5 33. Rh7 Rf5 34. Rh8+ Kb7 35. Rh7 Kc6 36. Rh8 a6 37. Rc8+ Kb7 38. Rf8 Bh4 39. f3 Be7 40. Rg8 Bd6 41. Rg7 Kc6 42. Rg4 Bc7 43. Re4 Rh5 44. Ra4 Rh2+ 45. Kd3 Kb5 46. Rg4 f5 47. Rg6 c4+ 48. Kd4 Re2 49. a4+ Kxa4 50. Kxc4 Re3 51. Bb4 Bd6 52. b3+ 1-0


[Site "https://www.chess.com"]

[Event "Titled Tuesday Blitz February 14 Early 2023"]
[White "Postny, Evgeny"]
[Black "Cella, Glaucio Dalla Cortt"]
[WhiteFideId "2804344"]
[BlackFideId "2119455"]
[WhiteElo "2549"]
[BlackElo "1894"]
[Result "1-0"]
[Round "02"]
[TimeControl "180+2"]
[Date "2023.02.15"]
[WhiteClock "0:01:06"]
[BlackClock "0:01:56"]

1. e4 c5 2. Nf3 e6 3. d4 cxd4 4. Nxd4 Nf6 5. Nc3 Bb4 6. e5 Nd5 7. Bd2 Nxc3 8. bxc3 Be7 9. Qg4 g6 10. h4 Qa5 11. Qg3 Nc6 12. f4 h5 13. Bd3 a6 14. a4 Nxd4 15. cxd4 Bb4 16. Qf2 Bxd2+ 17. Qxd2 Qxd2+ 18. Kxd2 d5 19. exd6 Kd7 20. Rhb1 Kxd6 21. Rb6+ Kc7 22. Rab1 Rb8 23. Bxa6 Ra8 24. Bxb7 Rxa4 25. Kd3 Bd7 26. Bf3 Rd8 27. Rb7+ Kd6 28. R1b6+ Ke7 29. Bc6 Ke8 30. Rxd7 Rxd7 31. Bxa4 1-0


[Site "https://www.chess.com"]

[Event "Titled Tuesday Blitz February 14 Early 2023"]
[White "Jaskolka, Tomasz"]
[Black "Murzin, Volodar"]
[WhiteFideId "1170791"]
[BlackFideId "44155573"]
[WhiteElo "2238"]
[BlackElo "2604"]
[Result "0-1"]
[Round "02"]
[TimeControl "180+2"]
[Date "2023.02.15"]
[WhiteClock "0:01:34"]
[BlackClock "0:00:56"]

1. d4 Nf6 2. Nf3 g6 3. g3 Bg7 4. Bg2 O-O 5. O-O d6 6. c4 Nbd7 7. Nc3 e5 8. e4 a6 9. b3 b5 10. Qe2 b4 11. Nd5 exd4 12. Bb2 c5 13. Qd3 Nxd5 14. cxd5 a5 15. Nd2 Ba6 16. Nc4 Ne5 17. Qc2 Nxc4 18. bxc4 d3 19. Qd2 Bxc4 20. f4 Bxb2 21. Qxb2 Ba6 22. e5 c4 23. Qd4 Rb8 24. Qe4 d2 25. f5 dxe5 26. f6 c3 27. Qh4 Bxf1 28. Rxf1 Rb6 29. Qh6 Rxf6 0-1


[Site "https://www.chess.com"]

[Event "Titled Tuesday Blitz February 14 Early 2023"]
[White "Seo, Jung Min"]
[Black "Zaragatski, Ilja"]
[WhiteFideId "1734687"]
[BlackFideId "4655192"]
[WhiteElo "2494"]
[BlackElo "2472"]
[Result "1-0"]
[Round "02"]
[TimeControl "180+2"]
[Date "2023.02.15"]
[WhiteClock "0:00:19"]
[BlackClock "0:00:03"]

1. e4 e6 2. d4 d5 3. e5 c5 4. c3 Nc6 5. Nf3 Nge7 6. Bd3 cxd4 7. cxd4 Nf5 8. Bxf5 exf5 9. O-O Be7 10. Nc3 Be6 11. Qb3 Qd7 12. Rd1 h6 13. h4 O-O-O 14. Na4 Kb8 15. Qc3 Rc8 16. Nc5 Qd8 17. Qb3 Na5 18. Qb5 b6 19. Bd2 Nc4 20. Nxe6 fxe6 21. h5 Qe8 22. Qxe8 Rhxe8 23. b3 Nxd2 24. Rxd2 Rc3 25. Rad1 Rec8 26. Kf1 Kb7 27. Ke2 b5 28. Ne1 Bg5 29. Rd3 b4 30. Rxc3 bxc3 31. Nc2 Kb6 32. Kd3 Bd2 33. Rh1 Rg8 34. Rh3 g5 35. hxg6 Rxg6 36. g3 Kb5 37. a4+ Kc6 38. b4 a6 39. Na1 f4 40. Nb3 fxg3 41. Rxg3 Rxg3+ 42. fxg3 Bg5 43. g4 Kb6 44. Kxc3 Kc6 45. Nc5 Bh4 46. Nxe6 Be1+ 47. Kb3 Kd7 48. Nc5+ Ke7 49. Nxa6 1-0


[Site "https://www.chess.com"]

[Event "Titled Tuesday Blitz February 14 Early 2023"]
[White "Harsh Suresh"]
[Black "Avalos Parra, Joao"]
[WhiteFideId "45018464"]
[BlackFideId "3402541"]
[WhiteElo "2298"]
[BlackElo "2185"]
[Result "1-0"]
[Round "02"]
[TimeControl "180+2"]
[Date "2023.02.15"]
[WhiteClock "0:00:41"]
[BlackClock "0:02:12"]

1. e4 e5 2. Nf3 Nc6 3. Bc4 Bc5 4. O-O Nf6 5. d3 O-O 6. c3 d6 7. h3 a5 8. a4 Ba7 9. Bg5 Be6 10. Nbd2 Qe7 11. Qb3 Rab8 12. Rae1 Bxc4 13. Nxc4 Qe6 14. Bxf6 Qxf6 15. Ne3 Ne7 16. d4 c6 17. dxe5 dxe5 18. Ng4 Qf4 19. Ngxe5 Ng6 20. Nxg6 hxg6 21. Qc2 Rbd8 22. Rd1 Rfe8 23. Rxd8 Rxd8 24. Rd1 Rxd1+ 25. Qxd1 Qf5 26. exf5 1-0


[Site "https://www.chess.com"]

[Event "Titled Tuesday Blitz February 14 Early 2023"]
[White "Derjabin, Ilja"]
[Black "Ozen, Bahadir"]
[WhiteFideId "14104768"]
[BlackFideId "6337058"]
[WhiteElo "2333"]
[BlackElo "2369"]
[Result "0-1"]
[Round "02"]
[TimeControl "180+2"]
[Date "2023.02.15"]
[WhiteClock "0:00:49"]
[BlackClock "0:00:24"]

1. d4 Nf6 2. c4 e6 3. Nc3 Bb4 4. f3 d5 5. a3 Bxc3+ 6. bxc3 c5 7. e3 O-O 8. Bd3 b6 9. cxd5 exd5 10. Ne2 Ba6 11. Bxa6 Nxa6 12. O-O Re8 13. g4 Nc7 14. Ng3 Nb5 15. Qd3 Nd6 16. g5 Nd7 17. h4 Qc7 18. Ra2 Re6 19. Rg2 Rae8 20. h5 cxd4 21. cxd4 Qc4 22. Qb1 Rc8 23. Nf5 Nxf5 24. Qxf5 Nf8 25. h6 g6 26. Bd2 gxf5 0-1


[Site "https://www.chess.com"]

[Event "Titled Tuesday Blitz February 14 Early 2023"]
[White "Ljukin, Sergei"]
[Black "Lortkipanidze, Nodar"]
[WhiteFideId "14102200"]
[BlackFideId "13604058"]
[WhiteElo "2362"]
[BlackElo "2406"]
[Result "1-0"]
[Round "02"]
[TimeControl "180+2"]
[Date "2023.02.15"]
[WhiteClock "0:00:04"]
[BlackClock "0:01:04"]

1. e4 c5 2. Nf3 d6 3. d4 cxd4 4. Nxd4 Nf6 5. Nc3 g6 6. Be3 Bg7 7. f3 O-O 8. Qd2 Nc6 9. O-O-O d5 10. Kb1 e5 11. Nxc6 bxc6 12. exd5 Nxd5 13. Nxd5 cxd5 14. Qxd5 Qc7 15. Qxa8 Bf5 16. Qxf8+ Bxf8 17. Bd3 Be6 18. Be4 Qa5 19. b3 h5 20. Bd2 Qc5 21. Bc1 h4 22. Bb2 a5 23. a4 Bg7 24. Rd2 h3 25. gxh3 f5 26. Ba8 Kh7 27. Rhd1 f4 28. Be4 Bxh3 29. Rd7 Bxd7 30. Rxd7 Kh6 31. h4 Bf6 32. Rd5 Qg1+ 33. Ka2 Bxh4 34. Rd6 Kh5 35. Bxe5 Qc5 36. Rd5 Qc8 37. Bxf4+ g5 38. Be3 Kh6 39. Rxa5 Kg7 40. Bxg5 Bf2 41. Rd5 Qc3 42. Bc1 Kf7 43. Bb2 Qc7 44. Bd3 Bh4 45. f4 Bf6 46. Rf5 Ke7 47. Rxf6 Qc8 48. f5 Qg8 49. Re6+ Kd7 50. Ra6 Kc7 51. f6 Kb7 52. Bc4 Qg2 53. f7 Qg5 54. Rd6 Qe7 55. Rd7+ Qxd7 56. f8=Q Ka7 57. Qc5+ Kb8 58. Ba3 Ka8 59. Bd5+ Kb8 60. Qd6+ Ka7 61. Bc5# 1-0


[Site "https://www.chess.com"]

[Event "Titled Tuesday Blitz February 14 Early 2023"]
[White "Bashirli, Nail"]
[Black "Petrovic, Aleksa"]
[WhiteFideId "13406809"]
[BlackFideId "967629"]
[WhiteElo "2326"]
[BlackElo "2332"]
[Result "1-0"]
[Round "02"]
[TimeControl "180+2"]
[Date "2023.02.15"]
[WhiteClock "0:00:42"]
[BlackClock "0:00:02"]

1. e4 e6 2. d4 d5 3. e5 c5 4. c3 Qb6 5. Nf3 Nc6 6. Be2 Nh6 7. Bxh6 gxh6 8. Qd2 Bd7 9. O-O Rc8 10. Na3 a6 11. Nc2 Rg8 12. a3 c4 13. h3 Na5 14. Rab1 Ba4 15. Bd1 Bb3 16. Nb4 Qb5 17. Qf4 Qa4 18. Nh2 Bxd1 19. Rbxd1 Rg6 20. Nc2 Qxc2 21. Ng4 Bg7 22. Rfe1 Nc6 23. Ne3 Qxb2 24. Qf3 Qxc3 25. Rb1 Qxd4 26. Rxb7 Nxe5 27. Qe2 c3 28. Qxa6 Nf3+ 29. Kh1 Nxe1 30. Qd6 Qf6 31. Qd7+ 1-0


[Site "https://www.chess.com"]

[Event "Titled Tuesday Blitz February 14 Early 2023"]
[White "Beerdsen, Thomas"]
[Black "Lehtosaari, Mauri"]
[WhiteFideId "1030108"]
[BlackFideId "501999"]
[WhiteElo "2507"]
[BlackElo "2176"]
[Result "1-0"]
[Round "02"]
[TimeControl "180+2"]
[Date "2023.02.15"]
[WhiteClock "0:00:39"]
[BlackClock "0:00:11"]

1. e4 c5 2. Nf3 e6 3. d4 cxd4 4. Bg5 Qb6 5. Qxd4 Qxd4 6. Nxd4 a6 7. Nd2 Nc6 8. Nxc6 bxc6 9. Nc4 d5 10. Nb6 Rb8 11. Nxc8 Rxc8 12. Bxa6 Rb8 13. exd5 cxd5 14. a4 Bc5 15. Bb5+ Kf8 16. Bf4 Ra8 17. c3 Ne7 18. b4 Ba7 19. O-O f6 20. c4 d4 21. Bd6 Kf7 22. c5 Nd5 23. Rab1 Nc3 24. Rb3 Nxb5 25. axb5 Bb8 26. Bxb8 Rhxb8 27. b6 e5 28. Rc1 Ke6 29. f3 Kd5 30. b5 f5 31. h4 e4 32. fxe4+ fxe4 33. Rg3 g6 34. Rg5+ Ke6 35. Kf2 Ra2+ 36. Kg3 d3 37. Rc4 Re2 38. Rd4 d2 39. c6 Re3+ 40. Kh2 Rd3 41. Rxd3 exd3 42. c7 Rf8 43. b7 d1=Q 44. c8=Q+ Kf7 45. Qxf8+ Kxf8 46. b8=Q+ 1-0


[Site "https://www.chess.com"]

[Event "Titled Tuesday Blitz February 14 Early 2023"]
[White "Kokoszczynski, Jan"]
[Black "EREBUNI91"]
[WhiteFideId "1174460"]
[WhiteElo "2247"]
[BlackElo "2719"]
[Result "0-1"]
[Round "02"]
[TimeControl "180+2"]
[Date "2023.02.15"]
[WhiteClock "0:00:02"]
[BlackClock "0:00:09"]

1. c4 e6 2. Nc3 d5 3. d4 Nf6 4. cxd5 Nxd5 5. e4 Nxc3 6. bxc3 c5 7. Rb1 cxd4 8. cxd4 Be7 9. Nf3 O-O 10. Bc4 b6 11. O-O Bb7 12. Re1 Nd7 13. Qd2 Rc8 14. Bb3 Nf6 15. Qf4 Qc7 16. Qxc7 Rxc7 17. Bf4 Rc3 18. d5 exd5 19. exd5 Ba3 20. Rbd1 Rd8 21. Be5 Rc5 22. Bxf6 gxf6 23. Re7 Rcxd5 24. Rxd5 Bxd5 25. Rxa7 Bxb3 26. g3 Bd5 27. Rxa3 Kg7 28. Rd3 Rd7 29. a3 Kf8 30. h4 Ke7 31. Re3+ Kd6 32. Nd4 Kc5 33. Nf5 Kb5 34. g4 Ka4 35. Kh2 Bb3 36. Kg3 Kxa3 37. g5 fxg5 38. hxg5 b5 39. Kf4 Ka4 40. Ke5 Be6 41. Nd6 b4 42. f4 b3 43. Re2 Bg4 44. Rg2 Bf3 45. Rf2 Bc6 46. f5 Kb4 47. f6 Kc3 48. Ne4+ Bxe4 49. Kxe4 b2 50. Rf1 Kc2 51. Kf5 b1=Q 0-1


[Site "https://www.chess.com"]

[Event "Titled Tuesday Blitz February 14 Early 2023"]
[White "Dimitrov, Atanas"]
[Black "Petukhov, Dmitry"]
[WhiteFideId "2901315"]
[BlackFideId "4142748"]
[WhiteElo "2269"]
[BlackElo "2350"]
[Result "0-1"]
[Round "02"]
[TimeControl "180+2"]
[Date "2023.02.15"]
[WhiteClock "0:00:02"]
[BlackClock "0:00:40"]

1. Nf3 Nf6 2. c4 g6 3. g3 Bg7 4. Bg2 O-O 5. O-O c6 6. Nc3 d5 7. cxd5 cxd5 8. d4 Ne4 9. Qb3 Nxc3 10. bxc3 Nc6 11. Ba3 Na5 12. Qb4 Nc4 13. Qxe7 Qxe7 14. Bxe7 Re8 15. Bg5 h6 16. Bf4 g5 17. Be5 f6 18. Ne1 fxe5 19. Bxd5+ Be6 20. Bxe6+ Rxe6 21. Nd3 exd4 22. cxd4 Rxe2 23. Rac1 b5 24. a4 a6 25. d5 Bd4 26. Rcd1 Rf8 27. axb5 axb5 28. h4 Nd2 29. hxg5 hxg5 30. Rfe1 Nf3+ 31. Kf1 Rxe1+ 32. Nxe1 Bb6 33. Nd3 Nd4 34. Ne5 Rd8 35. Rb1 Rxd5 36. Nd3 Kg7 37. Kg2 Kg6 38. f4 Nc6 39. Nf2 gxf4 40. gxf4 Kf5 41. Nh3 Kg4 42. Ng5 Rd2+ 43. Kf1 Kxf4 44. Rxb5 Be3 45. Ne6+ Kf3 46. Rf5+ Ke4 47. Rb5 Ne5 48. Ke1 Nf3+ 49. Kf1 Rf2# 0-1


[Site "https://www.chess.com"]

[Event "Titled Tuesday Blitz February 14 Early 2023"]
[White "Toncheva, Nadya"]
[Black "Movahed, Sina"]
[WhiteFideId "2924056"]
[BlackFideId "42520835"]
[WhiteElo "2295"]
[BlackElo "2340"]
[Result "0-1"]
[Round "02"]
[TimeControl "180+2"]
[Date "2023.02.15"]
[WhiteClock "0:00:01"]
[BlackClock "0:00:56"]

1. e4 c5 2. Nf3 d6 3. d4 cxd4 4. Nxd4 Nf6 5. Nc3 a6 6. Be3 g6 7. f3 Bg7 8. Bc4 b5 9. Bb3 Bb7 10. Qd2 h5 11. O-O-O Nbd7 12. Kb1 Rc8 13. Nd5 Nxd5 14. Bxd5 Bxd5 15. exd5 Nb6 16. Nc6 Nc4 17. Qe2 Rxc6 18. dxc6 Nxb2 19. Bd4 Bxd4 20. Rxd4 Nc4 21. Re1 O-O 22. Qxe7 Qa5 23. Rd3 Qb4+ 24. Rb3 Nd2+ 25. Kc1 Nxb3+ 26. axb3 Rc8 27. c7 Rxc7 28. Qxc7 Qxe1+ 29. Kb2 Qe5+ 30. Kb1 Qe6 31. Qb8+ Kg7 32. Qb6 d5 33. Qd4+ Kf8 34. Qc5+ Ke8 35. Qd4 Ke7 36. Qc5+ Kf6 37. Qd4+ Kf5 38. g4+ hxg4 39. fxg4+ Kg5 40. h3 Kh4 41. Qd3 Qe4 42. Qc3 d4 43. Qc8 Kxh3 44. g5+ Qe6 45. Qc5 Kg4 46. Qxd4+ Kxg5 47. Qd2+ Kf6 48. Qf2+ Kg7 49. Qd4+ Qf6 50. Qd5 g5 51. Ka2 g4 52. Qe4 Qg6 53. Qe5+ Kh6 54. Qe3+ Kh5 55. Qe2 f5 56. Kb1 f4 57. Qh2+ Kg5 58. Qd2 g3 59. Qd5+ Kg4 60. Qd7+ Qf5 61. Qd1+ f3 62. Qd4+ Kh3 63. Qh8+ Kg2 64. Qa8 Kg1 65. Qxa6 f2 66. Qb6 g2 67. Kb2 Kf1 68. Qe3 g1=Q 69. Qd4 Qg3 70. Qd1+ Kg2 71. Qd8 f1=Q 72. Qa8+ Q1f3 0-1


[Site "https://www.chess.com"]

[Event "Titled Tuesday Blitz February 14 Early 2023"]
[White "Barp, Alberto"]
[Black "Taichman, Ori"]
[WhiteFideId "872555"]
[BlackFideId "2804069"]
[WhiteElo "2432"]
[BlackElo "2299"]
[Result "1-0"]
[Round "02"]
[TimeControl "180+2"]
[Date "2023.02.15"]
[WhiteClock "0:00:28"]
[BlackClock "0:00:06"]

1. d4 Nf6 2. c4 g6 3. Nc3 Bg7 4. e4 O-O 5. Nge2 d6 6. Ng3 c5 7. d5 e6 8. Be2 exd5 9. cxd5 Re8 10. O-O Na6 11. Be3 Nc7 12. a4 a6 13. Qd2 Rb8 14. a5 b5 15. axb6 Rxb6 16. f4 Nfxd5 17. Nxd5 Rxb2 18. Qa5 Nxd5 19. Qxd8 Rxd8 20. exd5 Re8 21. Kf2 Rxe3 22. Kxe3 Bd4+ 23. Kd3 h5 24. Rfb1 h4 25. Ne4 Bf5 26. Rxb2 Bxb2 27. Rxa6 c4+ 28. Kc2 Bd4 29. Bf3 h3 30. g4 Bxe4+ 31. Bxe4 Bg1 32. Ra3 Bxh2 33. Rxh3 Bxf4 34. Rc3 Be5 35. Rxc4 Kg7 36. Kd3 Kh6 37. Rc7 f6 38. Rf7 Kg5 39. Rg7 Kxg4 40. Rxg6+ Kf4 41. Rg8 Bb2 42. Re8 Be5 43. Re6 Kg5 44. Bh7 Kf4 45. Kc4 Kg5 46. Kb5 Bg3 47. Kc6 f5 48. Rxd6 Bxd6 49. Kxd6 f4 50. Be4 Kf6 51. Bf3 Kf7 52. Kc7 1-0


[Site "https://www.chess.com"]

[Event "Titled Tuesday Blitz February 14 Early 2023"]
[White "Colbow, Collin"]
[Black "Lianes Garcia, Marcos"]
[WhiteFideId "16201132"]
[BlackFideId "32060777"]
[WhiteElo "2408"]
[BlackElo "2411"]
[Result "0-1"]
[Round "02"]
[TimeControl "180+2"]
[Date "2023.02.15"]
[WhiteClock "0:00:04"]
[BlackClock "0:01:52"]

1. d4 g6 2. Bf4 Bg7 3. Nf3 c5 4. e3 cxd4 5. exd4 d5 6. c3 Nf6 7. h3 Nc6 8. Bd3 O-O 9. Nbd2 Bf5 10. Bxf5 gxf5 11. O-O e6 12. a4 Ne4 13. Ne5 Nxe5 14. Bxe5 Bxe5 15. dxe5 Kh8 16. Nf3 Rg8 17. Qc1 Rc8 18. Qf4 Rg7 19. Kh2 Qb6 20. Nd4 Rcg8 21. g3 Qxb2 22. Qc1 Qb6 23. Rb1 Qc7 24. Qb2 Qxe5 25. Nf3 Qd6 26. Qb4 Qc7 27. Qxb7 Qxc3 28. Rbc1 Qxf3 0-1


[Site "https://www.chess.com"]

[Event "Titled Tuesday Blitz February 14 Early 2023"]
[White "Ioannidis, Evgenios"]
[Black "Chernov, Mikhail"]
[WhiteFideId "4229274"]
[BlackFideId "24143170"]
[WhiteElo "2467"]
[BlackElo "2205"]
[Result "1-0"]
[Round "02"]
[TimeControl "180+2"]
[Date "2023.02.15"]
[WhiteClock "0:00:09"]
[BlackClock "0:00:05"]

1. d4 d5 2. c4 c6 3. Nc3 Nf6 4. cxd5 cxd5 5. Bf4 Nc6 6. e3 a6 7. Be2 e6 8. Bd3 Be7 9. Nf3 Nh5 10. Be5 f6 11. Bg3 Nxg3 12. hxg3 f5 13. g4 g6 14. gxf5 exf5 15. Qb3 Be6 16. a3 O-O 17. g3 b5 18. Ne2 Na5 19. Qd1 Nc4 20. Rb1 Rc8 21. Kf1 Bf6 22. Kg2 Nd6 23. Nf4 Qd7 24. a4 Ne4 25. axb5 axb5 26. Bxb5 Qxb5 27. Nxe6 Rf7 28. Nf4 Rfc7 29. Qd3 Qd7 30. Nd2 Rc2 31. Nxe4 fxe4 32. Qb3 R8c4 33. Qb8+ Rc8 34. Qb6 R8c6 35. Qb5 Rd6 36. Qxd7 Rxd7 37. Rhc1 Rxc1 38. Rxc1 Bg5 39. Ne6 Bf6 40. Nc5 Rc7 41. b4 Be7 42. b5 Kf7 43. b6 Rc8 44. b7 Rb8 45. Rb1 Bd6 46. Na6 Re8 47. b8=Q 1-0


[Site "https://www.chess.com"]

[Event "Titled Tuesday Blitz February 14 Early 2023"]
[White "Zahid, Sanatan"]
[Black "Rodriguez Fontecha, Marcos"]
[WhiteFideId "10201963"]
[BlackFideId "2256576"]
[WhiteElo "1930"]
[BlackElo "2309"]
[Result "1-0"]
[Round "02"]
[TimeControl "180+2"]
[Date "2023.02.15"]
[WhiteClock "0:01:15"]
[BlackClock "0:00:02"]

1. d4 d5 2. Nc3 g6 3. Bf4 Bg7 4. e3 Nf6 5. h4 c5 6. Nb5 Na6 7. c3 Bd7 8. a4 O-O 9. h5 Bf5 10. hxg6 Bxg6 11. Nf3 Ne4 12. Nh4 cxd4 13. Nxg6 fxg6 14. Nxd4 e5 15. Ne6 Qd6 16. Nxf8 Rxf8 17. f3 exf4 18. fxe4 fxe3 19. Qxd5+ Qxd5 20. exd5 Nc5 21. d6 Rd8 22. O-O-O Ne4 23. Bc4+ Kh8 24. Rhe1 Nxd6 25. Be2 Be5 26. Rd5 Re8 27. Red1 Nf7 28. Rd7 Ng5 29. Rxb7 a6 30. Bxa6 Rf8 31. Be2 Ne6 32. Re7 Nf4 33. Rxe5 Nxe2+ 34. Kb1 Nf4 35. Rxe3 Nxg2 36. Re7 Nf4 37. Rdd7 1-0


[Site "https://www.chess.com"]

[Event "Titled Tuesday Blitz February 14 Early 2023"]
[White "Forgacs, Attila Jr."]
[Black "Mahdavi, Reza"]
[WhiteFideId "773654"]
[BlackFideId "12595926"]
[WhiteElo "2264"]
[BlackElo "2339"]
[Result "1-0"]
[Round "02"]
[TimeControl "180+2"]
[Date "2023.02.15"]
[WhiteClock "0:00:05"]
[BlackClock "0:00:02"]

1. e4 c5 2. Nf3 e6 3. d4 cxd4 4. Nxd4 Nc6 5. Nc3 Qc7 6. Be3 a6 7. a3 b5 8. Nxc6 Qxc6 9. Be2 Bb7 10. O-O Rc8 11. Qd3 Bc5 12. Bd4 Bxd4 13. Qxd4 Nf6 14. Bf3 Qc7 15. e5 Bxf3 16. exf6 Bc6 17. fxg7 Rg8 18. Qf6 d5 19. Rad1 Qe7 20. Qh6 Kd7 21. Ne4 f5 22. Nf6+ Kc7 23. Qf4+ Kb7 24. Nxg8 Rxg8 25. Qe5 Rxg7 26. g3 Rg6 27. Rd4 h5 28. h4 Qc5 29. c3 a5 30. Qh8 Qe7 31. Re1 Qf7 32. Qe5 Qf8 33. Kh2 Qc5 34. Qh8 Qe7 35. Qxh5 Qg7 36. Qf3 e5 37. Rxd5 Ka6 38. Qd3 e4 39. Qd2 f4 40. Rg5 e3 41. fxe3 fxg3+ 42. Kxg3 Rxg5+ 43. hxg5 Qxg5+ 44. Kh3 Qh5+ 45. Kg3 Qg5+ 46. Kh3 Qf5+ 47. Kg3 Qf3+ 48. Kh4 Qf6+ 49. Kg3 Qg7+ 50. Kf4 Qh6+ 51. Ke5 Qg5+ 52. Kd6 Kb7 53. Qd4 Qd8+ 54. Ke5 Qe7+ 55. Kf4 Qh4+ 56. Ke5 Qg5+ 57. Kd6 Qg3+ 58. Qe5 Qg6+ 59. Qe6 Qd3+ 60. Ke7 Qh7+ 61. Qf7 Qh4+ 62. Kd6+ Ka6 63. Kxc6 Qe4+ 64. Qd5 Qe8+ 65. Qd7 Qe4+ 66. Kc5 Qc4+ 67. Kd6 Qd3+ 68. Ke7 Qh7+ 69. Kd8 Qg8+ 70. Kc7 Qg3+ 71. Qd6+ 1-0


[Site "https://www.chess.com"]

[Event "Titled Tuesday Blitz February 14 Early 2023"]
[White "Costachi, Mihnea"]
[Black "Sarkar, Justin"]
[WhiteFideId "1217518"]
[BlackFideId "2010011"]
[WhiteElo "2476"]
[BlackElo "2309"]
[Result "1-0"]
[Round "02"]
[TimeControl "180+2"]
[Date "2023.02.15"]
[WhiteClock "0:00:02"]
[BlackClock "0:00:01"]

1. Nc3 e6 2. Nf3 c5 3. e4 a6 4. b3 b5 5. d4 cxd4 6. Qxd4 Nc6 7. Qd2 Bb7 8. Bb2 Rc8 9. Be2 d6 10. O-O Nf6 11. Rad1 b4 12. Na4 Nxe4 13. Qe3 d5 14. Rfe1 Nf6 15. Nb6 Ng4 16. Qf4 Nxf2 17. Ng5 Nh3+ 18. gxh3 Qxb6+ 19. Kh1 Qc7 20. Qf2 d4 21. Bf3 Bc5 22. Rxe6+ fxe6 23. Nxe6 Qe7 24. Re1 Kd7 25. Qg2 Rce8 26. Bg4 Kd6 27. Bc1 Ne5 28. Bf4 1-0


[Site "https://www.chess.com"]

[Event "Titled Tuesday Blitz February 14 Early 2023"]
[White "Titichoca Daza, Daniel"]
[Black "Srihari L R"]
[WhiteFideId "3309550"]
[BlackFideId "46617116"]
[WhiteElo "2180"]
[BlackElo "2416"]
[Result "0-1"]
[Round "02"]
[TimeControl "180+2"]
[Date "2023.02.15"]
[WhiteClock "0:01:13"]
[BlackClock "0:01:48"]

1. d4 d5 2. c4 e5 3. Nf3 e4 4. Nfd2 c6 5. e3 f5 6. b3 Nf6 7. Ba3 Bxa3 8. Nxa3 O-O 9. Be2 Be6 10. O-O Nbd7 11. Nab1 g5 12. f4 gxf4 13. Rxf4 Rf7 14. Nc3 Nf8 15. Qf1 Ng6 16. Rxf5 Bxf5 17. Qxf5 Qa5 18. Rc1 Raf8 19. Qe6 Kh8 20. cxd5 cxd5 21. Nf1 Rc7 22. b4 Qa3 23. Nxd5 Rxc1 24. Nxf6 Qxe3+ 25. Kh1 Qxe2 0-1


[Site "https://www.chess.com"]

[Event "Titled Tuesday Blitz February 14 Early 2023"]
[White "Tanenbaum, Zachary"]
[Black "Mushini Ajay"]
[WhiteFideId "2060850"]
[BlackFideId "35066188"]
[WhiteElo "2261"]
[BlackElo "2310"]
[Result "1-0"]
[Round "02"]
[TimeControl "180+2"]
[Date "2023.02.15"]
[WhiteClock "0:00:10"]
[BlackClock "0:00:07"]

1. e4 e6 2. d4 d5 3. Nc3 Nf6 4. Bg5 Be7 5. e5 Nfd7 6. h4 a6 7. Qg4 h5 8. Qg3 Bxg5 9. hxg5 c5 10. dxc5 g6 11. O-O-O Nc6 12. Nf3 b6 13. cxb6 Qxb6 14. Qf4 Rb8 15. Na4 Qxf2 16. a3 Qa7 17. Bd3 Nc5 18. Nxc5 Qxc5 19. c3 Na5 20. Qf6 Rg8 21. Rh4 Qf2 22. Rb4 Rxb4 23. cxb4 Nb3+ 24. Kb1 Bd7 25. Bc2 Ba4 26. Bxb3 Bxb3 27. Rc1 Bc4 28. Qf4 Qb6 29. Nd2 Kf8 30. Nxc4 dxc4 31. Rxc4 Qd8 32. Rd4 Qe8 33. Qf6 Qe7 34. Rd8+ Qxd8 35. Qxd8+ Kg7 36. Qf6+ Kf8 37. a4 Ke8 38. b5 Kd7 39. Qxf7+ Kc8 40. Qxg8+ Kb7 41. Qxe6 Ka7 42. Qxa6+ Kb8 43. Qb6+ Kc8 44. Qc6+ Kd8 45. e6 Ke7 46. Qd7+ Kf8 47. Qf7# 1-0


[Site "https://www.chess.com"]

[Event "Titled Tuesday Blitz February 14 Early 2023"]
[White "Zia, Tahsin Tajwar"]
[Black "Darini, Pouria"]
[WhiteFideId "10211888"]
[BlackFideId "12502200"]
[WhiteElo "2315"]
[BlackElo "2401"]
[Result "0-1"]
[Round "02"]
[TimeControl "180+2"]
[Date "2023.02.15"]
[WhiteClock "0:00:07"]
[BlackClock "0:00:13"]

1. d4 Nf6 2. c4 e6 3. g3 d5 4. Bg2 Bb4+ 5. Bd2 a5 6. Nf3 O-O 7. Qc2 c5 8. cxd5 cxd4 9. Nxd4 Qb6 10. Nf3 exd5 11. O-O Nc6 12. Nc3 d4 13. Na4 Qb5 14. Qd3 Qxd3 15. exd3 Bf5 16. Rfd1 h6 17. Bxb4 axb4 18. Nc5 Ra7 19. Nb3 Rd8 20. h3 Be6 21. Nfd2 Bd5 22. Bxd5 Nxd5 23. Nf3 Nc7 24. Rdc1 Ne6 25. Rc4 Rd5 26. a4 bxa3 27. Rxa3 Rxa3 28. bxa3 Kf8 29. Kf1 Ke7 30. Rc2 Rb5 31. Nbd2 Kd7 32. Nc4 Rb1+ 33. Kg2 Rd1 34. Nb2 Rb1 35. Nc4 f6 36. Nfd2 Rd1 37. Nb2 Ra1 38. Nbc4 b5 39. Nb6+ Kc7 40. Nd5+ Kd6 41. Ne4+ Kxd5 42. f4 f5 43. Nd2 Rd1 44. Nf3 Rxd3 45. Ne5 Nxe5 46. fxe5 Rc3 0-1


[Site "https://www.chess.com"]